Map: Odyssey LE

Players

Raiden - Winner!

  • Race: Terran Terran
  • League: Grandmaster
  • Spawn Location: 5:00

A.I. 2 (Very Hard)

  • Race: Zerg Zerg
  • Spawn Location: 11:00

VOD

Have the link to the VOD?

Description

Time

  • Played on: Oct. 18, 2017, 9:33 p.m.
  • Length: 3:20
Show
View Real Time Build Order
Export as new Build Order

Raiden Terran - Winner!

Build Orders:  

Get SALT Encoding   

  12  0:01  SCV  
  13  0:13  SCV  
  14  0:20  Supply Depot  
  14  0:47  Barracks  
  14  0:49  Barracks  
  14  1:03  Barracks  
  14  1:07  SCV  
  15  1:33  Marine  
  15  1:36  Barracks  
  15  1:37  Marine  
  15  1:39  Supply Depot  
  17  1:50  Marine  
  17  1:51  Marine  
  19  1:55  Marine  
  20  2:08  Marine  
  20  2:09  Marine  
  20  2:13  Marine  
  23  2:18  Supply Depot  
  23  2:25  Marine  
  23  2:26  Marine  
  23  2:27  Marine  
  26  2:31  Marine  
  27  2:43  Marine  
  28  2:45  Marine x2  
  30  2:52  Marine  
  29  3:01  Marine  
Show
View Real Time Build Order
Export as new Build Order

A.I. 2 (Very Hard) Zerg 

Build Orders: Pool First 

Get SALT Encoding   

  12  0:00  Drone  
  13  0:12  Overlord  
  13  0:16  Drone  
  14  0:30  Drone x2  
  14  0:34  Drone  
  17  0:48  Spawning Pool  
  17  0:49  Drone  
  17  1:12  Hatchery  
  17  1:15  Drone  
  17  1:17  Extractor  
  16  1:19  Drone  
  16  1:23  Extractor  
  16  1:26  Drone  
  16  1:29  Drone  
  18  1:38  Drone  
  19  1:49  Overlord  
  19  1:57  Queen  
  19  2:01  Zergling x2  
  22  2:10  Drone  
  23  2:24  Queen  
  23  2:26  Zergling x2  
  24  2:31  Zergling x2  
  24  2:37  Zergling x2  
  21  2:48  Drone  
  18  2:57  Drone  
Tags
 
Matchup
TvZ
Opening
Pool First
Spawn Locations
Cross Positions
Add a new tag
Caveats
  • Supply blocks, unpowered buildings, or Contaminate may cause inaccurate times.
  • Supply counts are checked every 10 seconds.